 Dungeon Crawl Stone Soup version 0.20.1-1-g8b1a95d (webtiles) character file.

102 tmwrnj the Chopper (level 4, -1/40 HPs)
             Began as a Hill Orc Fighter on Oct 27, 2017.
             Was an Initiate of Beogh.
             Slain by an ogre
             ... wielding a +0 giant club
              (24 damage)
             ... on level 3 of the Dungeon.
             The game lasted 00:04:35 (2046 turns).

tmwrnj the Chopper (Hill Orc Fighter)               Turns: 2046, Time: 00:04:36

Health: -1/40      AC:  9    Str: 18    XL:     4   Next: 78%
Magic:  4/4        EV:  5    Int:  8    God:    Beogh [......]
Gold:   112        SH:  9    Dex: 11    Spells: 3/3 levels left

rFire    . . .     SeeInvis .   a - +0 war axe
rCold    . . .     Gourm    .   c - +0 shield
rNeg     . . .     Faith    .   r - +0 chain mail
rPois    .         Spirit   .   (no helmet)
rElec    .         Reflect  .   (no cloak)
rCorr    .         Harm     .   (no gloves)
MR       .....                  (no boots)
Stlth    ..........             (no amulet)
Regen    0.2/turn               (no ring)
MPRegen  0.1/turn               (no ring)

@: no status effects
A: no striking features
a: Renounce Religion


You were on level 3 of the Dungeon.
You worshipped Beogh.
Beogh was noncommittal.
You were not hungry.

You visited 1 branch of the dungeon, and saw 3 of its levels.

You collected 112 gold pieces.

Inventory:

Hand Weapons
 a - a +0 war axe (weapon)
Armour
 b - a +0 scale mail
 c - a +0 shield (worn)
 r - a +0 chain mail (worn)
Jewellery
 h - a +3 ring of strength {unknown}
 k - an uncursed ring of fire {unknown}
Scrolls
 g - 3 scrolls of identify {unknown}
 i - a scroll of recharging {unknown}
 j - a scroll of amnesia {unknown}
 p - 2 scrolls of blinking {unknown}
Potions
 d - 2 potions of might
 e - a potion of flight {unknown}
 l - 2 potions of mutation {unknown}
 m - a potion of haste {unknown}
 n - a potion of resistance {unknown}
 o - a potion of curing {unknown}
Comestibles
 f - a bread ration


   Skills:
 + Level 4.1 Fighting
 + Level 4.7 Axes
 + Level 4.0 Armour
 + Level 0.1 Dodging
 + Level 3.8 Shields


You had 3 spell levels left.
You didn't know any spells.

Dungeon Overview and Level Annotations

Branches:
Dungeon (3/15)

Altars:
Ashenzari
Dithmenos


Message History

You feel sick.
Found a shattered altar of Ashenzari.
A bat comes into view.
A rat and an ogre come into view.
The ogre shouts!
You block the bat's attack.
You feel sick. The bat hits you but does no damage.
The bat hits you but does no damage. The ogre closely misses you.
You block the bat's attack. The bat hits you but does no damage.
You feel sick.
You are no longer poisoned.
You slash the ogre!
The ogre is heavily wounded.
The bat closely misses you. The ogre hits you with a giant club!
You hit the ogre.
The ogre is heavily wounded.
You block the bat's attack. x2; The ogre hits you with a giant club!!
Ouch! That really hurt!
You die...

.## ........# #.
#...#.......#
#..#...+..._...+
#..# ..........#
#..#####.......##
####.....#.........#
#........#⌠.#.+##.⌠#
#####.####..####Or.#
....#...†......#@.b#
###.....#..........#
....###....##...#.##
###.................
######.##...#######
##.....#.#
#..#.#......##
#.##.##.#.#.. #...
#. . .#


You could see an ogre, a bat and a rat.

Vanquished Creatures
  3 adders
  2 oozes (D:2)
  3 worms
  A dart slug (D:1)
  3 leopard geckos
  A ball python (D:1)
  2 giant cockroaches
  9 goblins
  8 hobgoblins
  3 jackals (D:1)
  2 quokkas
  5 bats
  A frilled lizard (D:2)
  4 kobolds
  3 rats
50 creatures vanquished.

Vanquished Creatures (others)
  An orc priest (D:3)
  An adder (D:3)
  2 orcs (D:3)
4 creatures vanquished.

Grand Total: 54 creatures vanquished

Notes
Turn   | Place    | Note
-------+----------+-------------------------------------------
     0 | D:1      | tmwrnj the Hill Orc Fighter began the quest for the Orb.
     0 | D:1      | Reached XP level 1. HP: 19/19 MP: 1/1
   229 | D:1      | Reached XP level 2. HP: 25/27 MP: 2/2
   792 | D:2      | Reached XP level 3. HP: 30/33 MP: 3/3
  1369 | D:2      | Reached XP level 4. HP: 40/40 MP: 4/4
  1429 | D:2      | Found a shadowy altar of Dithmenos.
  1825 | D:3      | Noticed a phantom
  1830 | D:3      | Became a worshipper of Beogh the Brigand
  2036 | D:3      | Found a shattered altar of Ashenzari.
  2039 | D:3      | Noticed an ogre
  2046 | D:3      | Slain by an ogre

Skill      XL: |  1  2  3  4 |
---------------+-------------+-----
Axes           | 3 4 |  4.7
Fighting       | 4 |  4.1
Armour         | 4 |  4.0
Dodging        | |  0.1
Shields        | |  3.8

Action                   |  1- 3 |  4- 6 || total
-------------------------+-------+-------++-------
Melee: War axe           |   103 |    59 ||   162
Invok: Convert to Beogh  |       |     1 ||     1
  Eat: Chunk             |     1 |     3 ||     4
Armor: Scale mail        |    57 |     6 ||    63
       Chain mail        |       |    12 ||    12
Dodge: Dodged            |    37 |    17 ||    54
Block: Shield            |    63 |    32 ||    95
